 Dungeon Crawl Stone Soup version 0.21-a0-404-g291f19a (webtiles) character file.

1064 TheBloodborn the Cudgeler (level 8, -6/49 HPs)
             Began as a Gargoyle Fighter on Oct 29, 2017.
             Splashed by Ijyb's acid (13 damage)
             ... on level 5 of the Dungeon.
             The game lasted 00:55:39 (3797 turns).

TheBloodborn the Cudgeler (Gargoyle Fighter)        Turns: 3797, Time: 00:55:40

Health: -6/49      AC: 13    Str: 22    XL:     8   Next: 27%
Magic:  17/17      EV:  4    Int:  9    God:
Gold:   167        SH: 10    Dex:  9    Spells: 7/7 levels left

rFire    . . .     SeeInvis .   B - +2 flail (protect)
rCold    . . .     Gourm    .   c - +0 shield
rNeg     + . .     Faith    .   g - +0 plate armour
rPois    ∞         Spirit   .   (no helmet)
rElec    +         Reflect  .   r - scarf {repulsion}
rCorr    .         Harm     .   (no gloves)
MR       .....                  (no boots)
Stlth    ..........             (no amulet)
HPRegen  0.16/turn              k - ring of magical power
MPRegen  0.15/turn              (no ring)

@: corroded, repel missiles
A: negative energy resistance 1, electricity resistance, unbreathing,
petrification resistance, rot immunity, AC +5
a: no special abilities


You were on level 5 of the Dungeon.
You were not hungry.

You visited 1 branch of the dungeon, and saw 6 of its levels.

You collected 167 gold pieces.

Inventory:

Hand Weapons
 a - a +0 shortbow of freezing
 B - a +2 flail of protection (weapon)
Missiles
 y - 22 arrows
Armour
 c - a +0 shield (worn)
 g - a +0 plate armour (worn)
 r - a scarf of repulsion (worn)
Jewellery
 d - a +2 ring of dexterity {unknown}
 k - a ring of magical power (left hand)
Wands
 u - a wand of lightning (9/15)
Scrolls
 b - 2 scrolls of fear {unknown}
 e - 2 scrolls of teleportation
 h - a scroll of immolation {unknown}
 i - a scroll of amnesia
 j - a scroll of enchant weapon {unknown}
 m - a scroll of identify
 s - 3 scrolls of recharging
 t - a scroll of enchant armour {unknown}
Potions
 f - 2 potions of curing
 l - a potion of flight {unknown}
 o - a potion of resistance {unknown}
 p - 2 potions of mutation
 q - a potion of magic {unknown}
 v - a potion of experience {unknown}
 x - a potion of brilliance {unknown}
 z - a potion of degeneration {unknown}
Comestibles
 n - 3 royal jellies
 w - 2 chunks of flesh
 A - 3 fruits
 C - a bread ration


   Skills:
 - Level 5.0 Fighting
 + Level 7.3 Maces & Flails
 - Level 3.2 Armour
 + Level 6.5 Shields


You had 7 spell levels left.
You didn't know any spells.

Dungeon Overview and Level Annotations

Branches:
Dungeon (6/15)
 Temple: D:4-7

Altars:
Zin

Annotations:
D:4 Blork the orc
D:5 Ijyb


Innate Abilities, Weirdness & Mutations

You are resistant to torment.
Your stone body is resilient. (AC +5)
You are immune to poison.
You resist negative energy. (rN+)
You are resistant to electric shocks. (rElec)
You can survive without breathing.
You are immune to petrification.
You are immune to rotting.


Message History

There is a stone staircase leading down here.
You climb downwards.
There is a stone staircase leading up here.
There is a stone staircase leading up here.
You open the door.
There is an open door here.
There is a stone staircase leading up here.
You open the door.
There is an open door here.
Ijyb the Twisted Goblin comes into view.
She is wielding a dagger.
Ijyb shouts!
Ijyb zaps a wand.
The bolt of acid hits you!
You are splashed with acid!
The acid burns!
It is a wand of acid (?/15).
Put on which piece of jewellery? (? for menu, Esc to quit)
Okay, then.
An adder comes into view.
Ijyb zaps a wand.
The bolt of acid hits you!
* * * LOW HITPOINT WARNING * * *
The acid corrodes you!
You are splashed with acid!
The acid burns!
You die...

....... .......
...... #..S. #....
#.... ###.
###...g##### ....
.......@...########
....
...........#......#
....
...........'......##
....
..........<#####...#
# ###+#
.....####........###
#......
.....#..'........##
'...... ....
+..#.........#
#####.. ....
####.........#
####..._..#


You could see Ijyb and an adder.

Vanquished Creatures
  Edmund (D:4)
  2 ice beasts
  An ogre (D:3)
  A phantom (D:4)
  The ghost of Barriton the Ruffian, an amateur DrTm (D:3)
  A centaur (D:4)
  A hound (D:5)
  An orc priest (D:4)
  2 orc wizards (D:4)
  2 iguanas
  4 worker ants
  4 gnolls (D:4)
  3 adders
  2 oozes
  An adder skeleton (D:4)
  A worm (D:3)
  4 leopard geckos
  13 orcs
  A ball python (D:1)
  4 giant cockroaches (D:2)
  4 goblins
  3 hobgoblins
  5 jackals
  13 kobolds
  A quokka (D:3)
  12 bats
  2 frilled lizards (D:2)
  A leopard gecko skeleton (D:4)
  9 rats
100 creatures vanquished.

Notes
Turn   | Place    | Note
-------+----------+-------------------------------------------
     0 | D:1      | TheBloodborn the Gargoyle Fighter began the quest for the Orb.
     0 | D:1      | Reached XP level 1. HP: 14/14 MP: 1/1
   227 | D:1      | Reached XP level 2. HP: 18/19 MP: 2/2
   452 | D:1      | Reached XP level 3. HP: 23/23 MP: 3/3
  1070 | D:3      | Noticed Barriton's ghost (amateur DrTm)
  1111 | D:2      | Reached skill level 3 in Maces & Flails
  2101 | D:3      | Reached XP level 4. HP: 29/29 MP: 4/4
  2146 | D:3      | Killed Barriton's ghost
  2146 | D:3      | Reached skill level 4 in Maces & Flails
  2146 | D:3      | Reached XP level 5. HP: 16/33 MP: 5/5
  2586 | D:3      | Noticed an ogre
  2593 | D:3      | Killed an ogre
  2593 | D:3      | Reached XP level 6. HP: 39/39 MP: 6/6
  2737 | D:4      | Noticed Blork the orc
  2919 | D:4      | Reached skill level 5 in Maces & Flails
  2941 | D:5      | Entered Level 5 of the Dungeon
  2968 | D:4      | Noticed a phantom
  3013 | D:4      | Killed a phantom
  3013 | D:4      | Reached skill level 5 in Fighting
  3013 | D:4      | Reached skill level 5 in Shields
  3013 | D:4      | Reached XP level 7. HP: 44/44 MP: 7/7
  3318 | D:6      | Reached skill level 6 in Maces & Flails
  3411 | D:5      | Found a glowing silver altar of Zin.
  3411 | D:5      | Noticed Edmund
  3453 | D:4      | Killed Edmund
  3453 | D:4      | Reached skill level 7 in Maces & Flails
  3453 | D:4      | Reached XP level 8. HP: 43/49 MP: 8/8
  3789 | D:5      | Noticed Ijyb
  3797 | D:5      | Splashed by Ijyb's acid

Vault maps used:
D:1:      tarquinn_simple_flora_water_b
D:4:      first_bread, uniq_blork_the_orc
D:5:      basic_altar, uniq_ijyb, uniq_grinder, uniq_edmund

Skill      XL: |  1  2  3  4  5  6  7 |
---------------+----------------------+-----
Maces & Flails | 3 4 5 7 |  7.3
Fighting       | 4 5 |  5.0
Shields        | 4 5 6 |  6.5
Armour         | |  3.2

Action                   |  1- 3 |  4- 6 |  7- 9 || total
-------------------------+-------+-------+-------++-------
Melee: Flail             |   228 |    89 |    41 ||   358
       Mace              |       |    49 |   107 ||   156
Evoke: Wand              |       |     1 |     1 ||     2
  Use: Scroll            |     1 |     3 |     3 ||     7
       Potion            |       |       |     1 ||     1
  Eat: Chunk             |     3 |       |     3 ||     6
       Bread ration      |     1 |       |       ||     1
Armor: Plate armour      |   191 |    96 |    86 ||   373
Dodge: Dodged            |    42 |    22 |    18 ||    82
       Deflected         |     1 |     2 |       ||     3
Block: Shield            |   137 |    57 |    94 ||   288

Table legend:
 A = Spawn XP
 B = Non-spawn XP
 C = Spawn XP percentage of total XP
 D = Spawn monster count
 E = Non-spawn monster count
 F = Spawn count percentage of total count
 G = Total turns spent on level
                    A         B        C        D         E        F      G
               +---------+---------+-------+---------+---------+-------+---------
         Total |       0 |    1521 |   0.0 |       0 |     100 |   0.0 |  3797
               +---------+---------+-------+---------+---------+-------+---------
           D:1 |       0 |      33 |   0.0 |       0 |      21 |   0.0 |   869
           D:2 |       0 |      47 |   0.0 |       0 |      20 |   0.0 |  1158
           D:3 |       0 |     286 |   0.0 |       0 |      20 |   0.0 |   766
           D:4 |       0 |     907 |   0.0 |       0 |      34 |   0.0 |   862
           D:5 |       0 |     115 |   0.0 |       0 |       4 |   0.0 |   120
           D:6 |       0 |     133 |   0.0 |       0 |       1 |   0.0 |    22
               +---------+---------+-------+---------+---------+-------+---------
